AoeStats
← RedPhosphoru

Arabian Desert

509750619Analyzed
1v1 RM · 4d ago on Sep 27, 2026· 24m 45s· 2 players
Game mode
Random Map
Map size
Tiny (2 player)
Population
200
Speed
Normal
Resources
Standard
Victory
Conquest
Starting age
Dark Age
Ending age
Imperial Age
RankedLock teamsTeams togetherTeam positionsShared explorationLock speedFull tech treeHidden civsTurbo modeCheats
Victory
Defeat
🇺🇸 Koreans · United States
2325
+7
🇩🇪 Magyars · Germany
2105
-7
LM \ Molle
0:41 Loom
1:01 Loom
11:55 Feudal Age
11:56 Man-at-Arms
12:22 Double-Bit Axe
17:40 Town Watch
21:55 Castle Age
21:13 Fletching
21:50 Padded Archer Armor
22:06 Elite Skirmisher
RedPhosphoru
3:44 Loom
12:38 Feudal Age
17:05 Castle Age
21:37 Fletching
Connection lost

Rejoining the realm…

Still unreachable

The connection could not be restored.

Session expired

The server has moved on; the page needs a fresh start.